 Dungeon Crawl Stone Soup version 0.19.1 (webtiles) character file.

905 Heedrag the Thaumaturge (level 7, -1/36 HPs)
             Began as a Deep Elf Conjurer on Dec 18, 2016.
             Killed from afar by an orc wizard (12 damage)
             ... with a puff of flame
             ... on level 5 of the Dungeon.
             The game lasted 00:09:57 (5265 turns).

Heedrag the Thaumaturge (Deep Elf Conjurer)         Turns: 5265, Time: 00:09:58

Health: -1/36      AC:  3    Str:  7    XL:     7   Next: 80%
Magic:  1/23       EV: 13    Int: 20    God:
Gold:   269        SH:  0    Dex: 15    Spells: 3 memorised, 19 levels left

rFire  . . .     SeeInvis +     d - +0 short sword
rCold  . . .     Gourm    .     a - +0 robe
rNeg   . . .     Faith    .     (no shield)
rPois  .         Spirit   .     (no helmet)
rElec  .         Reflect  .     B - +0 cloak
rCorr  +         Harm     .     (no gloves)
MR     .....                    (no boots)
Stlth  ++........               (no amulet)
                                x - ring of see invisible
                                D - ring of resist corrosion

@: no status effects
A: no striking features
a: no special abilities


You were on level 5 of the Dungeon.
You were hungry.

You visited 2 branches of the dungeon, and saw 6 of its levels.

You collected 269 gold pieces.

Inventory:

Hand Weapons
 d - a +0 short sword (weapon)
Armour
 a - a +0 robe (worn)
 o - a +2 buckler
 B - a +0 cloak (worn)
Jewellery
 l - a +5 ring of evasion
 t - an uncursed ring of fire
 x - a ring of see invisible (right hand)
 D - a ring of resist corrosion (left hand)
Wands
 v - a wand of flame (25/48)
 y - a wand of acid (9/15)
Scrolls
 f - 2 scrolls of noise {unknown}
 h - 3 scrolls of remove curse {unknown}
 i - 4 scrolls of identify {unknown}
 j - a scroll of immolation {unknown}
 m - 5 scrolls of blinking {unknown}
 p - 4 scrolls of teleportation {unknown}
 r - a scroll of amnesia {unknown}
 C - a scroll of fear {unknown}
Potions
 e - a potion of magic {unknown}
 g - a potion of cancellation {unknown}
 k - 5 potions of curing {unknown}
 n - 3 potions of lignification {unknown}
 q - a potion of cure mutation {unknown}
 u - a potion of brilliance {unknown}
 w - 2 potions of degeneration {unknown}
 A - a potion of might {unknown}
 E - a potion of mutation {unknown}
Books
 b - a book of Conjurations

   Spells                             Type                      Level
   a - Magic Dart                     Conjuration                  1
   b - Searing Ray                    Conjuration                  2
   c - Dazzling Spray                 Conjuration/Hexes            3
   d - Fulminant Prism                Conjuration/Hexes            4
   e - Iskenderun's Mystic Blast      Conjuration                  4
   f - Iskenderun's Battlesphere      Conjuration/Charms           5
 F - a book of Maledictions

   Spells                             Type                      Level
   a - Corona                         Hexes                        1
   b - Ensorcelled Hibernation        Hexes/Ice                    2
   c - Confuse                        Hexes                        3
   d - Tukima's Dance                 Hexes                        3
   e - Dazzling Spray                 Conjuration/Hexes            3
Comestibles
 c - 4 bread rations
 s - a meat ration
 z - a fruit


   Skills:
 - Level 2.5 Dodging
 - Level 2.4 Stealth
 * Level 10.7 Spellcasting
 + Level 6.2 Conjurations


You had 19 spell levels left.
You knew the following spells:

 Your Spells              Type           Power        Failure   Level  Hunger
a - Magic Dart            Conj           ####         1%          1    None
b - Dazzling Spray        Conj/Hex       ###...       8%          3    None
c - Iskenderun's Mystic   Conj           #####...     8%          4    ##.....


Dungeon Overview and Level Annotations

Branches:
Dungeon (5/15)             Temple (1/1) D:5

Altars:
Elyvilon
Fedhas
Makhleb
Nemelex Xobeh
Okawaru
Qazlal
Ru
Sif Muna
Trog
Uskayaw
Xom
The Shining One


Message History

The orc wizard flickers and vanishes for a moment.
Casting: Magic Dart
Confirm with . or Enter, or press ? or * to list all spells.
Aiming: Magic Dart
Press: ? - help, Shift-Dir - straight line, f/p - orc wizard
Aim: an orc wizard, wielding a dagger and wearing a robe (slightly transparent)
The magic dart hits the orc wizard.
You hear an angry hiss.
The orc wizard closely misses you.
An iguana comes into view.
Things that are here:
a short sword; a ring mail The orc wizard casts a spell at you.
The magic dart hits you!
The orc wizard points at you and mumbles some strange words.
The magic dart hits you!
* * * LOW HITPOINT WARNING * * *
The orc wizard points at you and mumbles some strange words.
The puff of flame hits you!
You die...

##########.# #.#
#........#.# #.#
+........#.########.#
#........#.#........#
#.####...#.#.########
########.####...#.#.#
................'.#.# ###
########.####...###.######..
#))lo...@...........##...
##)###.#############.#....
#.l..#.# #.#.... ####.#.#
#.#.... #.....#.# #.##...
#....##.# #.###.. #.... #.#
#.##### #.... #.# #......
#...o ###....


You could see an iguana and an orc wizard (invisible).

Vanquished Creatures
  3 ogres (D:5)
  A bullfrog (D:4)
  2 scorpions
  A bullfrog zombie (D:5)
  A hound (D:5)
  A bullfrog skeleton (D:5)
  A jelly (D:5)
  A centaur skeleton (D:5)
  2 orc wizards (D:5)
  Ijyb (D:3)
  2 worker ants (D:4)
  10 adders
  An adder zombie (D:5)
  3 worms
  2 dart slugs (D:1)
  3 leopard geckos
  4 orcs
  8 giant cockroaches
  4 goblins
  7 hobgoblins
  6 jackals
  4 quokkas
  3 ball pythons
  6 bats (D:1)
  3 frilled lizards
  12 kobolds
  A leopard gecko skeleton (D:5)
  A quokka skeleton (D:4)
  9 rats
103 creatures vanquished.

Notes
Turn   | Place    | Note
-------+----------+-------------------------------------------
     0 | D:1      | Heedrag the Deep Elf Conjurer began the quest for the Orb.
     0 | D:1      | Reached XP level 1. HP: 10/10 MP: 6/6
   142 | D:1      | Reached XP level 2. HP: 15/15 MP: 4/8
   548 | D:1      | Reached skill level 4 in Spellcasting
   840 | D:2      | Reached XP level 3. HP: 19/19 MP: 8/10
  1169 | D:2      | Reached skill level 5 in Spellcasting
  1233 | D:2      | Reached XP level 4. HP: 24/24 MP: 1/13
  1641 | D:3      | Noticed Ijyb
  1865 | D:4      | Learned a level 3 spell: Dazzling Spray
  1870 | D:4      | Learned a level 4 spell: Iskenderun's Mystic Blast
  2003 | D:3      | Reached skill level 6 in Spellcasting
  2084 | D:3      | Found a hide-covered altar of Uskayaw.
  2084 | D:3      | Found an iron altar of Okawaru.
  2420 | D:3      | Killed Ijyb
  2420 | D:3      | Reached XP level 5. HP: 11/28 MP: 0/16
  2680 | D:4      | Reached skill level 7 in Spellcasting
  2903 | D:4      | Reached skill level 8 in Spellcasting
  3037 | D:4      | Reached XP level 6. HP: 23/32 MP: 0/19
  3241 | D:4      | Reached skill level 5 in Conjurations
  3524 | D:5      | Entered Level 5 of the Dungeon
  3524 | D:5      | Found a staircase to the Ecumenical Temple.
  3530 | Temple   | Entered the Ecumenical Temple
  4098 | D:5      | Reached skill level 9 in Spellcasting
  4100 | D:5      | Found a white marble altar of Elyvilon.
  4655 | D:5      | Reached XP level 7. HP: 36/36 MP: 11/22
  4858 | D:5      | Reached skill level 10 in Spellcasting
  5265 | D:5      | Killed from afar by an orc wizard

Skill      XL: |  1  2  3  4  5  6  7 |
---------------+----------------------+-----
Spellcasting   | 4 5 6 8 9 10 | 10.7
Conjurations   | 5 6 |  6.2
Dodging        | |  2.5
Stealth        | |  2.4

Action                   |  1- 3 |  4- 6 |  7- 9 || total
-------------------------+-------+-------+-------++-------
Melee: Short sword       |    13 |    11 |       ||    24
 Cast: Magic Dart        |    80 |   132 |    50 ||   262
       Dazzling Spray    |       |    23 |    14 ||    37
       Iskenderun's Myst |       |       |     1 ||     1
 Stab: Invisible         |       |     1 |       ||     1
  Eat: Chunk             |     1 |     6 |     1 ||     8
       Bread ration      |       |     1 |       ||     1
Armor: Robe              |     4 |     4 |     1 ||     9
Dodge: Dodged            |    17 |    26 |    22 ||    65
